 Dungeon Crawl Stone Soup version 0.19.4 (webtiles) character file.

549 Minion the Slasher (level 7, 0/61 HPs)
             Began as a Black Draconian Abyssal Knight on Jan 30, 2017.
             Was a Believer of Lugonu.
             Killed by a spatial distortion (3 damage)
             ... on level 5 of the Dungeon.
             The game lasted 00:11:26 (4010 turns).

Minion the Slasher (Black Draconian Abyssal Knight) Turns: 4010, Time: 00:11:26

Health: 0/61       AC:  6    Str: 14    XL:     7   Next: 7%
Magic:  3/8        EV: 13    Int: 13    God:    Lugonu [**....]
Gold:   241        SH:  0    Dex: 12    Spells: 0 memorised, 6 levels left

rFire  + . .     SeeInvis .     q - +1 falchion (elec)
rCold  . . .     Gourm    .     (armour unavailable)
rNeg   . . .     Faith    .     (no shield)
rPois  .         Spirit   .     (helmet restricted)
rElec  +         Reflect  .     (no cloak)
rCorr  .         Harm     .     (no gloves)
MR     .....                    (no boots)
Stlth  +.........               (no amulet)
                                (no ring)
                                m - ring of protection from fire

@: short of breath
A: breathe lightning, unfitting armour, electricity resistance, cold-blooded, AC
+6
a: Breathe Lightning, Depart the Abyss, Bend Space, Renounce Religion


You were on level 5 of the Dungeon.
You worshipped Lugonu.
Lugonu was pleased with you.
You were not hungry.

You visited 1 branch of the dungeon, and saw 5 of its levels.
You visited the Abyss 1 time.

You collected 241 gold pieces.

Inventory:

Hand Weapons
 q - a +1 falchion of electrocution (weapon)
Jewellery
 m - a ring of protection from fire (left hand)
Scrolls
 a - 2 scrolls of identify {unknown}
 f - 3 scrolls of enchant armour {unknown}
 g - 3 scrolls of remove curse {unknown}
 i - 2 scrolls of immolation {unknown}
 k - a scroll of magic mapping {unknown}
 n - 3 scrolls of teleportation {unknown}
 s - a scroll of recharging {unknown}
 t - a scroll of noise {unknown}
 v - a scroll of blinking {unknown}
 x - a scroll of fog {unknown}
Potions
 e - a potion of agility {unknown}
 h - a potion of magic {unknown}
 j - 2 potions of curing
 l - a potion of might {unknown}
 o - a potion of invisibility {unknown}
 r - a potion of beneficial mutation {unknown}
Books
 p - a book of Minor Magic

   Spells                             Type                      Level
   a - Magic Dart                     Conjuration                  1
   b - Blink                          Translocation                2
   c - Call Imp                       Summoning                    2
   d - Repel Missiles                 Charms/Air                   2
   e - Slow                           Hexes                        2
   f - Conjure Flame                  Conjuration/Fire             3
   g - Mephitic Cloud                 Conjuration/Poison/Air       3
Comestibles
 b - 4 bread rations
 c - 4 beef jerkies
 d - 3 meat rations
 u - a slice of pizza


   Skills:
 + Level 5.2 Fighting
 + Level 6.3 Long Blades
 - Level 3.1 Dodging
 - Level 2.0 Invocations


You had 6 spell levels left.
You didn't know any spells.

Dungeon Overview and Level Annotations

Branches:
Dungeon (5/15)
 Temple: D:4-7

Altars:
Xom
Zin
The Shining One

Shops:
D:4 %:*((

Annotations:
D:5 Duvessa; Naow's ghost, novice DECj


Innate Abilities, Weirdness & Mutations

You can breathe wild blasts of lightning.
Your glossy black scales are hard. (AC +6)
You cannot fit into any form of body armour.
You are resistant to electric shocks. (rElec)
You are cold-blooded and may be slowed by cold attacks.


Message History

Your scales start taking on a glossy black colour.
You learn Air Magic much quicker.
You learn Earth Magic much slower.
You can breathe wild blasts of lightning.
You feel insulated.
Okay, then.
You breathe a wild blast of lightning!
The zap hits Duvessa.
Duvessa is moderately wounded.
You hear a clap of thunder!
You hear a mighty clap of thunder!
You feel somewhat more hungry.
You hear a shout! x2
Duvessa barely misses you. Duvessa hits you with a short sword.
* * * LOW HITPOINT WARNING * * *
Space bends around you!
You blink.
* * * LOW HITPOINT WARNING * * *
Duvessa hits you with a short sword!
* * * LOW HITPOINT WARNING * * *
Space bends around you!
You blink.
* * * LOW HITPOINT WARNING * * *
Space bends around you!
You blink.
You die...

#.##.# #.# #.##.# #.#
#######.##.# #W#
........##.# #.#
########.#.# #.#
######.#.######.#)#
.................#§#
#######.#.########.###
#.#@.....§e§...#
#.##########.#.# #.#
#.....#.# #.#
#.#.#.#.# #.# #.#.#e#
.. # #.#.# #.#.# #.#.#
#.#e#


You could see Duvessa (berserk).

Vanquished Creatures
  Dowan (D:5)
  2 scorpions (D:4)
  An iguana (D:4)
  Natasha (thrice) (D:3)
  2 orc wizards (D:4)
  4 worker ants (D:4)
  6 adders
  3 oozes
  A worm (D:2)
  A leopard gecko (D:1)
  6 orcs
  A ball python (D:2)
  3 bats
  3 giant cockroaches
  6 goblins
  10 hobgoblins
  10 jackals
  4 quokkas (D:3)
  6 frilled lizards
  7 kobolds
  5 rats
85 creatures vanquished.

Notes
Turn   | Place    | Note
-------+----------+-------------------------------------------
     0 | Abyss:1  | Minion the Draconian Abyssal Knight began the quest for the Orb.
     0 | Abyss:1  | Reached XP level 1. HP: 19/19 MP: 2/2
     6 | D:1      | Escaped the Abyss
   182 | D:1      | Reached XP level 2. HP: 26/26 MP: 3/3
   201 | D:1      | Reached skill level 3 in Long Blades
   593 | D:1      | Reached XP level 3. HP: 16/31 MP: 4/4
  1215 | D:2      | Reached skill level 4 in Long Blades
  1471 | D:2      | Reached ** piety under Lugonu
  1618 | D:2      | Found a glowing silver altar of Zin.
  1641 | D:2      | Reached XP level 4. HP: 38/38 MP: 5/5
  2290 | D:3      | Noticed Natasha
  2296 | D:3      | Killed Natasha
  2300 | D:3      | Reached XP level 5. HP: 36/45 MP: 6/6
  2414 | D:3      | Noticed Natasha
  2422 | D:3      | Killed Natasha
  2422 | D:3      | Reached skill level 5 in Long Blades
  2537 | D:3      | Noticed Natasha
  2546 | D:3      | Killed Natasha
  2719 | D:3      | Found a glowing golden altar of the Shining One.
  2936 | D:4      | Found Cytita Ampi's Food Shop.
  3006 | D:4      | Found Cautsug's Assorted Antiques.
  3036 | D:4      | Reached XP level 6. HP: 40/52 MP: 7/7
  3345 | D:4      | Found Urauzu's Book Shop.
  3467 | D:4      | Found a shimmering altar of Xom.
  3557 | D:4      | Reached skill level 6 in Long Blades
  3563 | D:4      | Found Juovvebb's Weapon Shop.
  3696 | D:4      | Reached skill level 5 in Fighting
  3740 | D:4      | Found Qetiarux's Antique Weapon Boutique.
  3921 | D:5      | Entered Level 5 of the Dungeon
  3970 | D:5      | Noticed Duvessa
  3970 | D:5      | Noticed Dowan
  3999 | D:5      | Noticed Naow's ghost (novice DECj)
  4005 | D:5      | Killed Dowan
  4005 | D:5      | Your scales start taking on a glossy black colour.
  4005 | D:5      | Reached XP level 7. HP: 14/61 MP: 4/8
  4005 | D:5      | Gained mutation: You are resistant to electric shocks. (rElec) [Black Draconian growth]
  4009 | D:5      | HP: 3/61 [spatial distortion (1)]
  4010 | D:5      | Killed by a spatial distortion

Skill      XL: |  1  2  3  4  5  6 |
---------------+-------------------+-----
Long Blades    | 3 4 5 6 |  6.3
Dodging        | 3 |  3.1
Fighting       | 4 5 |  5.2
Invocations    | |  2.0

Action                   |  1- 3 |  4- 6 |  7- 9 || total
-------------------------+-------+-------+-------++-------
Melee: Falchion          |   107 |   169 |       ||   276
       Tailslap          |     5 |    20 |       ||    25
Invok: Bend Space        |       |     5 |     2 ||     7
 Abil: Breathe Lightning |       |       |     1 ||     1
  Use: Potion            |       |     1 |       ||     1
 Stab: Distracted        |       |     1 |       ||     1
       Sleeping          |       |     1 |       ||     1
  Eat: Chunk             |     2 |     8 |       ||    10
Armor: Skin              |    34 |    44 |       ||    78
Dodge: Dodged            |    68 |    91 |     1 ||   160
       Rpst.: Falchion   |    27 |    27 |       ||    54
